Unix NetHack Version 5.0.0-0 post-release - last build May 10 2026 23:12:36 (d1fa5d53e341ca933230fdaa984d921c805b60aa,branch:main).

Game began 2026-05-11 17:00:01, ended 2026-05-15 07:09:40.

AuraMoom, lawful female human Valkyrie

                      --------
                     #.......|
                     #|....<.|
                     E|.%.....####
                     #--+-----#
                     #@########
                     @#    ####
                      #   ######
                      #      ##

AuraMoom the Woman-at-arms  St:18/09 Dx:17 Co:18 In:7 Wi:13 Ch:9  Lawful
Dlvl:21 $:23 HP:0(112) Pw:25(25) AC:10 Xp:12 T:23037 

Latest messages:
 Your large cat eats a rothe corpse.
 The nurse hits!  (I hope you don't mind.)
 What do you want to wield? [- tuEG or ?*] ?
 t - a blessed rustproof war hammer named Mjollnir (weapon in right hand).
 The nurse hits!
 The massive hammer hits!  Lightning strikes the rothe!
 You kill the rothe!
 The nurse hits!
 It bites the rothe.
 The rothe misses it.
 The rothe misses it.
 The rothe misses it.
 Your large cat eats a rothe corpse.
 The massive hammer hits!  Lightning strikes the nurse!
 The nurse hits!
 The massive hammer hits!  Lightning strikes the nurse!
 The massive hammer hits!  Lightning strikes the nurse!
 The nurse hits!
 You feel better.
 The nurse hits!
 What do you want to put on? [mX or ?*] ?
 m - an uncursed ring of regeneration (on left hand).
 You hear some noises.
 The massive hammer hits!  Lightning strikes the rothe!
 You kill the rothe!
 You see here a rothe corpse.
 In what direction? 2
 The door closes.
 You hear a door open.
 The massive hammer hits!  Lightning strikes the earth elemental!
 The earth elemental hits!
 The massive hammer hits!  Lightning strikes the earth elemental!
 The earth elemental hits!
 What do you want to drink? [ilnV or ?*] ?
 You feel better.
 The earth elemental hits!
 The massive hammer hits!  Lightning strikes the earth elemental!
 The earth elemental hits!
 In what direction? 8
 The sleep ray hits the earth elemental.
 The sleep ray bounces!
 The earth elemental hits!
 The earth elemental knocks you backward with a forceful blow!
 The nurse hits!
 You die...
 Do you want your possessions identified? [ynq] (y) y
 Do you want to see your attributes? [ynq] (y) y
 Do you want an account of creatures vanquished? [ynaq] (y) y
 Do you want to see your conduct and achievements? [ynq] (y) y
 Do you want to see the dungeon overview? [ynq] (y) y

Inventory:
 Coins    ('$')
  $ - 23 gold pieces
 Amulets  ('"')
  q - an uncursed amulet versus poison (being worn)
 Weapons  (')')
  E - 5 +0 elven arrows
  u - a blessed +1 elven bow
  t - the blessed rustproof +0 Mjollnir (weapon in right hand)
 Armor    ('[')
  d - a blessed corroded +2 orcish helm
  a - an uncursed +0 pair of kicking boots
  y - an uncursed burnt +1 cloak of displacement
  s - an uncursed +0 elven cloak
  B - a blessed greased +2 silver dragon scale mail
 Comestibles  ('%')
  K - an uncursed carrot
  r - an uncursed cram ration
  P - an uncursed lizard corpse
 Scrolls  ('?')
  H - an uncursed scroll of confuse monster
  T - a blessed scroll of light
  x - 2 uncursed scrolls of teleportation
 Potions  ('!')
  i - an uncursed potion of healing
  n - an uncursed potion of object detection
  V - an uncursed potion of paralysis
  l - 2 uncursed potions of speed
 Rings    ('=')
  A - a blessed +1 ring of gain strength (on right hand)
  X - an uncursed +1 ring of increase accuracy
  m - an uncursed ring of regeneration (on left hand)
 Wands    ('/')
  w - a wand of make invisible (0:0)
  z - a wand of polymorph (0:6)
  Q - a blessed wand of secret door detection (0:5)
  k - a wand of sleep (0:1)
  v - a wand of striking (0:6)
  F - a wand of striking (0:4)
  W - a wand of teleportation (0:3)
 Tools    ('(')
  J - a blessed bag of holding containing 85 items
  D - an uncursed brass lantern (lit)
  I - an uncursed lock pick
  c - an uncursed pair of lenses (being worn)
  G - a +0 unicorn horn
 Gems/Stones  ('*')
  C - an uncursed luckstone

Contents of the bag of holding:
  1817 gold pieces
  an uncursed amulet of ESP
  7 blessed +0 darts
  a blessed +1 dagger
  a +0 silver spear
  a blessed corroded +3 spear
  the +2 Dragonbane
  an uncursed +0 helm of brilliance
  an uncursed -2 pair of elven boots
  an uncursed +0 shield of shock resistance
  an uncursed +0 elven cloak
  an uncursed +3 leather cloak
  an uncursed +0 mummy wrapping
  an uncursed +0 black dragon scale mail
  an uncursed apple
  an uncursed C-ration
  2 uncursed candy bars labeled "Chocolate Nuggie"
  an uncursed cream pie
  3 uncursed food rations
  an uncursed fortune cookie
  6 uncursed K-rations
  an uncursed lembas wafer
  an uncursed pancake
  an uncursed sprig of wolfsbane
  2 uncursed tripe rations
  an uncursed tin of horse meat
  an uncursed tin of newt meat
  2 uncursed eggs
  2 cursed scrolls of amnesia
  6 uncursed scrolls of blank paper
  an uncursed scroll of charging
  3 uncursed scrolls of create monster
  2 uncursed scrolls of destroy armor
  2 uncursed scrolls of earth
  a cursed scroll of enchant armor
  2 uncursed scrolls of food detection
  3 uncursed scrolls of light
  an uncursed scroll of magic mapping
  a cursed scroll of magic mapping
  an uncursed scroll of punishment
  2 uncursed scrolls of remove curse
  an uncursed potion of acid
  a cursed potion of full healing
  an uncursed potion of gain energy
  an uncursed potion of levitation
  3 uncursed diluted potions of object detection
  a blessed potion of paralysis
  an uncursed potion of see invisible
  4 potions of holy water
  a cursed ring of hunger
  an uncursed ring of poison resistance
  an uncursed ring of warning
  a wand of cold named exhausted (0:0)
  a wand of digging (0:6)
  a wand of digging (0:6)
  a wand of digging (0:4)
  a wand of digging (0:2)
  a wand of fire (0:7)
  a wand of secret door detection (0:14)
  a wand of sleep (0:7)
  a wand of sleep (0:6)
  a wand of stasis (0:1)
  a wand of striking (0:1)
  a wand of undead turning (0:0)
  an uncursed leather drum
  an uncursed blindfold
  an uncursed brass lantern
  a can of grease (0:9)
  a cursed figurine of a shocking sphere
  an uncursed leash
  an uncursed leash
  a magic marker (0:38)
  an uncursed mirror
  a blessed oil lamp
  an uncursed stethoscope
  an uncursed tin whistle
  a tinning kit (0:33)
  an uncursed towel
  2 uncursed amethyst stones
  2 uncursed diamonds
  3 uncursed emeralds
  3 uncursed rubies
  an uncursed topaz stone
  5 uncursed worthless pieces of yellowish brown glass
  an uncursed touchstone

AuraMoom the Valkyrie's attributes:

Background:
 You were a Woman-at-arms, a level 12 human Valkyrie.
 You were lawful, on a mission for Tyr
 who was opposed by Odin (neutral) and Loki (chaotic).
 You were right-handed.
 You were in the Dungeons of Doom, on level 21.
 You entered the dungeon 23037 turns ago.
 You had 30794 experience points, 9206 more were needed to attain level 13.

Basics:
 You had 0 out of 112 hit points.
 You had all 25 energy points (spell power).
 Your armor class was 10.
 Your wallet contained 23 zorkmids, and
 you had 1817 more stashed away in your pack.
 Autopickup was on for all types, with exceptions.

Final Characteristics:
 Your strength was 18/09 (base:18/08, limit:18/100).
 Your dexterity was 17 (limit:18).
 Your constitution was 18 (limit:18).
 Your intelligence was 7 (limit:18).
 Your wisdom was 13 (limit:18).
 Your charisma was 9 (limit:18).

Final Status:
 You weren't hungry.
 You were unencumbered.
 You were wielding a hammer.
 You had basic skill with hammer and could have enhanced that.
 You weren't wearing any armor.

Final Attributes:
 You were piously aligned.
 You were fire resistant.
 You were cold resistant.
 You were disintegration resistant.
 You were poison resistant.
 You were telepathic.
 You were stealthy.
 You regenerated.
 You were fast.
 You were extremely lucky.
 You had extra luck.
 Bad luck did not time out for you.
 Good luck did not time out for you.
 You are dead.

Miscellaneous:
 You didn't encounter any bones levels.
 Total elapsed playing time was 14 hours, 22 minutes and 28 seconds.

Major events:
 Turn
    1: AuraMoom the lawful human Valkyrie entered the dungeon
 1145: attained the rank of Skirmisher (level 3)
 2075: entered the Gnomish Mines
 2566: attained the rank of Fighter (level 6)
 3808: reached Mine Town
 4681: made her first wish - "blessed greased +2 silver dragon scale mail", got "a greased silver dragon scale mail"
 6267: wished for "blessed bag of holding", got "a bag"
 8521: consulted the Oracle
 9209: entered Sokoban
11957: entered the Bigroom
11984: attained the rank of Woman-at-arms (level 10)
12417: found Dragonbane on the floor
14435: entered Home 1, the Quest
18800: acquired the Mines' End luckstone
20568: was bestowed with Mjollnir by Tyr
23037: killed by a nurse, while moving through the air

You didn't know any spells.

Skills:
 Fighting Skills
   bare handed combat [Unskilled]
   two weapon combat  [Unskilled]
   riding             [Unskilled]
 Weapon Skills
   dagger             [Basic]
   axe                [Unskilled]
   pick-axe           [Unskilled]
   short sword        [Unskilled]
   broadsword         [Unskilled]
   long sword         [Unskilled]
   two-handed sword   [Unskilled]
   saber              [Unskilled]
   hammer             [Basic]
   quarterstaff       [Unskilled]
   polearms           [Unskilled]
   spear              [Expert]
   trident            [Unskilled]
   lance              [Unskilled]
   sling              [Unskilled]
 Spellcasting Skills
   attack spells      [Unskilled]
   escape spells      [Unskilled]

Voluntary challenges:
 Character rerolling was not enabled.
 You never genocided any monsters.
 You never changed form.
 You used 2 wishes.
 You did not wish for any artifacts.
 You did not violate any of the special Sokoban rules.
Achievements:
 You entered a shop.
 You attained the rank of Skirmisher.
 You entered the Gnomish Mines.
 You attained the rank of Fighter.
 You entered Minetown.
 You entered a temple.
 You consulted the Oracle of Delphi.
 You entered Sokoban.
 You entered the Big Room.
 You attained the rank of Woman-at-arms.
 You completed the Gnomish Mines.

 The Dungeons of Doom: levels 1 to 21
    Level 1:
       A fountain.
    Level 2:
       A grave.
    Level 3:
       A fountain.
    Level 4:
       A potion shop, a fountain.
       Stairs down to The Gnomish Mines.
    Level 5:
       A fountain.
    Level 6: "Vault"
    Level 7: "Vlad trapdoor +Vault"
       A fountain.
    Level 8: "Vlad closet"
       A fountain.
    Level 9:
       Many fountains.
       Oracle of Delphi.
    Level 10: "Throne"
       Stairs up to Sokoban, level 9.
    Level 11:
       A very big room.
    Level 12:
       Many graves.
    Level 13:
       A fountain, a sink.
    Level 14: "VLadtrap"
    Level 15:
       A fountain.
       Summoned by the Norn.
       Portal to The Quest.
    Level 16:
    Level 17:
       An armor shop, an altar to Tyr, a grave.
    Level 18:
       A primitive area.
    Level 19:
    Level 20:
       A general store, a fountain, a sink.
    Level 21: <- You were here.
       Final resting place for
          you, killed by a nurse, while moving through the air.
 The Gnomish Mines: levels 5 to 13
    Level 5:
    Level 6:
    Level 7:
       Many shops, a temple and an altar, some fountains.
    Level 8:
    Level 9:
    Level 10:
    Level 11:
    Level 12:
    Level 13:
 The Quest:
    Level 1:
       A fountain.
       Home.
 Sokoban:
    Level 9:
       Unsolved.


Vanquished creatures:
  a black dragon
  a displacer beast
  4 titanotheres
  a genetic engineer
  a nurse
  a frost giant
  3 black puddings
  2 vampires
  8 ghosts
  2 queen bees
  a winged gargoyle
  a long worm
  2 fire giants
  2 ogre tyrants
 an umber hulk
  2 flesh golems
 an elven monarch
  a doppelganger
  a large mimic
  a wumpus
  a stalker
 an air elemental
  a fire elemental
 an earth elemental
  a water elemental
  a hill giant
  a giant zombie
  3 elf-nobles
  3 sergeants
  a warg
  2 winter wolves
  9 small mimics
  a glass piercer
  6 warhorses
  a xan
 an ettin mummy
 an ogre leader
  4 quantum mechanics
  9 trolls
  a wood golem
  4 gelatinous cubes
  2 pyrolisks
  a large dog
  a freezing sphere
  4 shocking spheres
  a large cat
  a tiger
 an ochre jelly
  2 leocrottas
 an energy vortex
  a mountain centaur
 an elf mummy
  a human mummy
  a red naga
  2 pit vipers
  9 wraiths
 an ettin zombie
  2 leather golems
  a Grey-elf
 16 soldiers
 an amorous demon
  3 chameleons
  3 crocodiles
  a giant beetle
  3 quivering blobs
  3 cockatrices
  9 wolves
  5 winter wolf cubs
  a lynx
  a panther
  a spotted jelly
  a leprechaun
  5 iron piercers
  2 mumakil
  2 giant spiders
  a scorpion
  5 horses
  2 ice vortices
  a black light
  5 gnome rulers
 an orc mummy
  2 dwarf mummies
  3 owlbears
  5 yetis
  3 gold golems
  7 Green-elves
  4 lizards
  8 chickatrices
  2 dingoes
  a housecat
  a jaguar
  2 dwarf leaders
  a blue jelly
  a gray unicorn
  a dust vortex
  2 ravens
  2 plains centaurs
  a gnome mummy
  a snake
  2 water moccasins
  6 apes
  6 human zombies
  5 Woodland-elves
  9 soldier ants
 17 fire ants
  4 bugbears
  3 imps
  3 quasits
  2 wood nymphs
  a water nymph
  7 Uruk-hai
  2 rock piercers
  4 rock moles
  2 ponies
  4 fog clouds
  5 yellow lights
  3 shriekers
  2 violet fungi
 23 gnome leaders
 10 gnomish wizards
  a red naga hatchling
  3 gray oozes
  4 elf zombies
  9 ghouls
  a straw golem
  2 paper golems
 10 giant ants
  4 little dogs
  4 floating eyes
  2 kittens
  7 dwarves
  a homunculus
  a kobold shaman
 22 hill orcs
 12 rothes
  a rabid rat
  a centipede
  2 giant bats
  2 monkeys
  7 orc zombies
  5 dwarf zombies
  a wererat
  a werejackal
  5 iguanas
 29 killer bees
  2 acid blobs
  3 gas spores
  4 hobbits
  7 manes
  3 large kobolds
 13 hobgoblins
 18 giant rats
  7 cave spiders
  4 yellow molds
  3 green molds
  a red mold
 64 gnomes
 11 garter snakes
  3 gnome zombies
 12 geckos
 12 jackals
  4 foxes
  3 kobolds
  6 goblins
  2 sewer rats
  6 grid bugs
  a bat
  5 lichens
  3 kobold zombies
  7 newts
703 creatures vanquished.

No species were genocided or became extinct.

Game over:
                       ----------
                      /          \
                     /    REST    \
                    /      IN      \
                   /     PEACE      \
                  /                  \
                  |     AuraMoom     |
                  |     1840 Au      |
                  |   killed by a    |
                  |      nurse       |
                  |                  |
                  |                  |
                  |       2026       |
                 *|     *  *  *      | *
        _________)/\\_//(\/(/\)/\//\/|_)_______

Farvel AuraMoom the Valkyrie...

You died in The Dungeons of Doom on dungeon level 21 with 119403 points,
and 1840 pieces of gold, after 23037 moves.
You were level 12 with a maximum of 112 hit points when you died.

